[ AOE2 MATCH · #504562246 ]
UnrankedEthiopians vs Turks
Player's team · WIN
Rival team · LOSS
[ REPLAY ANALYSIS · EXTRACTED FROM THE RECORDED GAME ]
Feudal
9:52
Castle
20:56
Imperial
—
| APM avg | 95.7 |
| APM peak | 206 |
| eAPM avg | 52.5 |
| Villagers / military | 166 / 74 |
Focus
⚔️ 62.0% · 🌾 38.0%
Archer ×59 · Spearman ×6 · Scout Cavalry ×6 · Monk ×3
Feudal
10:58
Castle
20:46
Imperial
—
| APM avg | 88.3 |
| APM peak | 131 |
| eAPM avg | 30.0 |
| Villagers / military | 147 / 94 |
Focus
⚔️ 31.1% · 🌾 68.9%
Cavalry Archer ×67 · Scout Cavalry ×19 · Militia ×4 · Mangonel ×3 · Spearman ×1
Match map
Initial resources + every placement click. Lines = walls · curves = elevation contours. ◆ gold · ⬟ stone · ● berries · ✦ relic · ◌ wall gap
Your base· ✓ Closed at 20:56 · 44t walls · 3 gate(s)
jsemosoom's base· ✓ Closed at 20:46 · 23t walls · no gate
Smoothed initial terrain · ◌ = detected wall gap · hover for details
Inputs per minute
— Skirmisher Timing - - jsemosoom
Build order — Skirmisher Timing
First 150 of 379 actions detected
| 0:01 | Create | Villager (Male) ×4 |
| 0:02 | Build | House |
| 0:03 | Build | House |
| 1:29 | Create | Villager (Male) |
| 1:29 | Create | Villager (Male) |
| 1:53 | Create | Villager (Male) |
| 1:53 | Create | Villager (Male) |
| 2:08 | Build | Lumber Camp |
| 2:14 | Create | Villager (Male) |
| 2:46 | Create | Villager (Male) |
| 3:06 | Create | Villager (Male) |
| 3:06 | Create | Villager (Male) |
| 3:41 | Build | Mill |
| 3:43 | Create | Villager (Male) |
| 3:43 | Create | Villager (Male) |
| 4:18 | Create | Villager (Male) |
| 4:19 | Create | Villager (Male) |
| 4:31 | Build | House |
| 4:32 | Build | House |
| 4:46 | Create | Villager (Male) |
| 4:47 | Create | Villager (Male) |
| 5:15 | Create | Villager (Male) |
| 5:16 | Create | Villager (Male) |
| 5:37 | Create | Villager (Male) |
| 5:37 | Create | Villager (Male) |
| 6:11 | Create | Villager (Male) |
| 6:11 | Create | Villager (Male) |
| 6:25 | Create | Villager (Male) |
| 6:35 | Create | Villager (Male) |
| 6:35 | Create | Villager (Male) |
| 6:40 | Research | Loom |
| 7:03 | Build | Mill |
| 7:26 | Build | Palisade Wall |
| 7:42 | Research | Feudal Age |
| 7:44 | Build | Palisade Wall |
| 7:56 | Build | Palisade Wall |
| 8:01 | Build | Palisade Wall |
| 8:03 | Build | Lumber Camp |
| 8:07 | Create | Villager (Male) |
| 8:37 | Build | Palisade Wall |
| 8:55 | Build | Palisade Gate |
| 8:57 | Build | House |
| 9:14 | Build | Palisade Wall |
| 9:25 | Create | Villager (Male) |
| 9:30 | Build | Barracks |
| 9:52 | Age | Feudal Age |
| 9:56 | Research | Double-Bit Axe |
| 9:56 | Research | Double-Bit Axe |
| 9:57 | Create | Villager (Male) |
| 10:23 | Build | House |
| 10:26 | Build | House |
| 10:38 | Build | Archery Range |
| 10:40 | Create | Villager (Male) |
| 10:45 | Create | Villager (Male) |
| 10:53 | Build | House |
| 10:57 | Build | Palisade Gate |
| 11:03 | Create | Villager (Male) |
| 11:22 | Create | Archer |
| 11:25 | Research | Horse Collar |
| 11:33 | Create | Villager (Male) |
| 11:38 | Build | Farm |
| 11:49 | Build | House |
| 11:49 | Build | House |
| 11:54 | Create | Villager (Male) |
| 12:08 | Build | Farm |
| 12:11 | Create | Archer |
| 12:48 | Create | Villager (Male) |
| 12:50 | Build | Farm |
| 12:51 | Build | Farm |
| 12:55 | Build | Farm |
| 12:59 | Build | Farm |
| 13:06 | Create | Villager (Male) |
| 13:08 | Build | Farm |
| 13:10 | Build | Farm |
| 13:10 | Build | Farm |
| 13:14 | Create | Spearman |
| 13:24 | Create | Villager (Male) |
| 13:29 | Build | Farm |
| 13:42 | Build | Farm |
| 13:42 | Create | Villager (Male) |
| 13:54 | Build | Farm |
| 13:58 | Create | Villager (Male) |
| 14:23 | Create | Spearman |
| 14:25 | Create | Villager (Male) |
| 14:27 | Build | House |
| 14:45 | Create | Villager (Male) |
| 14:46 | Build | Farm |
| 14:51 | Build | Farm |
| 14:52 | Create | Villager (Male) |
| 15:03 | Create | Villager (Male) |
| 15:08 | Build | House |
| 15:08 | Build | House |
| 15:11 | Build | Palisade Wall |
| 15:14 | Create | Villager (Male) |
| 15:23 | Create | Spearman |
| 15:30 | Build | Farm |
| 15:31 | Build | Farm |
| 15:43 | Build | Farm |
| 15:52 | Create | Villager (Male) |
| 16:00 | Build | Farm |
| 16:01 | Create | Spearman |
| 16:20 | Build | Mining Camp |
| 16:52 | Create | Villager (Male) |
| 17:28 | Build | Palisade Wall |
| 17:32 | Build | Blacksmith |
| 17:35 | Create | Villager (Male) |
| 18:16 | Research | Castle Age |
| 18:17 | Research | Gold Mining |
| 18:25 | Create | Spearman |
| 18:40 | Build | Palisade Gate |
| 18:43 | Build | House |
| 18:49 | Build | House |
| 18:54 | Build | Palisade Wall |
| 19:09 | Create | Villager (Male) |
| 19:21 | Build | House |
| 19:25 | Build | Palisade Wall |
| 19:25 | Build | Palisade Wall |
| 19:33 | Create | Spearman |
| 19:38 | Create | Archer |
| 19:38 | Create | Archer |
| 20:03 | Research | Scale Mail Armor |
| 20:23 | Create | Archer |
| 20:56 | Age | Castle Age |
| 20:58 | Build | Town Center |
| 20:59 | Research | Bow Saw |
| 20:59 | Research | Bow Saw |
| 21:03 | Build | Town Center |
| 21:05 | Create | Villager (Male) |
| 21:13 | Create | Archer |
| 21:13 | Create | Archer |
| 21:14 | Research | Fletching |
| 21:16 | Create | Villager (Male) |
| 21:18 | Build | Archery Range |
| 21:31 | Create | Villager (Male) |
| 21:38 | Research | Wheelbarrow |
| 21:39 | Research | Wheelbarrow |
| 21:47 | Create | Archer |
| 21:52 | Create | Villager (Male) |
| 22:00 | Build | House |
| 22:00 | Build | House |
| 22:09 | Research | Crossbowman (upgrade) |
| 22:09 | Research | Crossbowman (upgrade) |
| 22:10 | Create | Archer |
| 22:11 | Create | Archer |
| 22:18 | Create | Villager (Male) |
| 22:18 | Create | Villager (Male) |
| 22:24 | Create | Villager (Male) ×4 |
| 22:27 | Create | Villager (Male) |
| 22:34 | Build | Farm |
| 22:36 | Create | Villager (Male) |
Build order — jsemosoom
First 150 of 406 actions detected
| 0:00 | Create | Villager (Male) |
| 0:01 | Create | Villager (Male) |
| 0:01 | Create | Villager (Male) |
| 0:02 | Build | House |
| 0:03 | Build | House |
| 0:23 | Create | Villager (Male) |
| 0:23 | Create | Villager (Male) |
| 1:30 | Create | Villager (Male) |
| 1:54 | Build | Lumber Camp |
| 2:03 | Create | Villager (Male) |
| 2:03 | Create | Villager (Male) |
| 2:25 | Create | Villager (Male) |
| 2:26 | Create | Villager (Male) |
| 2:39 | Create | Villager (Male) |
| 2:40 | Create | Villager (Male) |
| 3:07 | Create | Villager (Male) |
| 3:31 | Create | Villager (Male) |
| 3:53 | Build | House |
| 4:19 | Create | Villager (Male) |
| 4:19 | Create | Villager (Male) |
| 4:32 | Build | Barracks |
| 4:35 | Create | Villager (Male) |
| 4:52 | Create | Villager (Male) |
| 5:12 | Create | Militia |
| 5:12 | Create | Militia |
| 5:17 | Create | Villager (Male) |
| 5:29 | Create | Militia |
| 5:51 | Create | Villager (Male) |
| 5:53 | Build | Mill |
| 5:55 | Create | Militia |
| 5:59 | Research | Loom |
| 6:06 | Build | House |
| 6:22 | Create | Villager (Male) |
| 6:40 | Create | Villager (Male) |
| 7:10 | Build | House |
| 7:11 | Build | Palisade Wall |
| 7:12 | Build | Palisade Wall |
| 7:16 | Create | Villager (Male) |
| 7:41 | Create | Villager (Male) |
| 7:46 | Build | House |
| 7:47 | Build | Palisade Wall |
| 7:47 | Build | Palisade Wall |
| 7:52 | Build | Palisade Wall |
| 8:08 | Create | Villager (Male) |
| 8:16 | Build | Palisade Wall |
| 8:37 | Build | Lumber Camp |
| 8:48 | Research | Feudal Age |
| 9:23 | Create | Villager (Male) |
| 9:37 | Build | Palisade Wall |
| 9:38 | Build | Palisade Wall |
| 9:39 | Build | Palisade Wall |
| 9:45 | Build | Farm |
| 9:47 | Build | Farm |
| 10:00 | Build | House |
| 10:37 | Build | Farm |
| 10:41 | Build | Farm |
| 10:58 | Age | Feudal Age |
| 11:05 | Create | Villager (Male) |
| 11:11 | Build | Stable |
| 11:13 | Research | Double-Bit Axe |
| 11:25 | Build | Farm |
| 11:26 | Build | Farm |
| 11:33 | Create | Villager (Male) |
| 11:37 | Build | Farm |
| 11:56 | Create | Villager (Male) |
| 12:02 | Build | Farm |
| 12:07 | Create | Scout Cavalry |
| 12:14 | Build | Farm |
| 12:16 | Build | Farm |
| 12:25 | Create | Scout Cavalry |
| 12:34 | Create | Spearman |
| 12:43 | Create | Villager (Male) |
| 12:44 | Build | Farm |
| 12:49 | Build | Farm |
| 12:57 | Create | Villager (Male) |
| 12:58 | Create | Villager (Male) |
| 13:07 | Build | Farm |
| 13:18 | Create | Scout Cavalry |
| 13:26 | Build | Farm |
| 13:27 | Create | Villager (Male) |
| 13:35 | Create | Villager (Male) |
| 13:37 | Build | Farm |
| 13:44 | Build | House |
| 13:50 | Create | Villager (Male) |
| 14:05 | Build | House |
| 14:13 | Build | Farm |
| 14:15 | Build | Farm |
| 14:34 | Create | Scout Cavalry |
| 14:38 | Create | Villager (Male) |
| 14:58 | Build | Mining Camp |
| 15:02 | Create | Scout Cavalry |
| 15:06 | Build | Farm |
| 15:11 | Create | Villager (Male) |
| 15:19 | Build | House |
| 15:23 | Build | House |
| 15:25 | Create | Scout Cavalry |
| 15:41 | Create | Villager (Male) |
| 16:00 | Build | Palisade Wall |
| 16:01 | Create | Villager (Male) |
| 16:23 | Build | Blacksmith |
| 16:33 | Research | Wheelbarrow |
| 16:42 | Build | Farm |
| 16:57 | Create | Villager (Male) |
| 17:25 | Create | Villager (Male) |
| 17:39 | Build | House |
| 17:40 | Build | House |
| 18:01 | Build | House |
| 18:06 | Research | Castle Age |
| 18:22 | Build | Archery Range |
| 18:25 | Build | Archery Range |
| 18:35 | Create | Scout Cavalry |
| 19:04 | Research | Bloodlines |
| 19:16 | Research | Horse Collar |
| 19:16 | Research | Horse Collar |
| 19:19 | Build | Farm |
| 19:19 | Build | Farm |
| 19:29 | Create | Villager (Male) |
| 19:36 | Create | Scout Cavalry |
| 19:36 | Create | Scout Cavalry |
| 19:48 | Build | Farm |
| 19:53 | Research | Fletching |
| 20:27 | Create | Villager (Male) |
| 20:46 | Age | Castle Age |
| 20:48 | Create | Cavalry Archer |
| 20:48 | Create | Cavalry Archer |
| 20:52 | Create | Villager (Male) |
| 20:58 | Research | Bodkin Arrow |
| 21:00 | Create | Cavalry Archer |
| 21:00 | Create | Cavalry Archer |
| 21:15 | Create | Villager (Male) |
| 21:19 | Build | University |
| 21:21 | Create | Cavalry Archer |
| 21:21 | Create | Cavalry Archer |
| 21:27 | Create | Cavalry Archer |
| 21:27 | Create | Cavalry Archer |
| 21:34 | Create | Villager (Male) |
| 21:37 | Create | Cavalry Archer |
| 21:48 | Create | Cavalry Archer |
| 21:48 | Create | Cavalry Archer |
| 21:55 | Research | Padded Archer Armor |
| 21:55 | Research | Bow Saw |
| 22:04 | Create | Cavalry Archer |
| 22:33 | Create | Villager (Male) |
| 22:33 | Create | Cavalry Archer |
| 22:34 | Create | Cavalry Archer |
| 22:45 | Create | Cavalry Archer |
| 22:54 | Create | Villager (Male) |
| 23:17 | Research | Ballistics |
| 23:17 | Research | Ballistics |
| 23:17 | Research | Ballistics |
Match timeline
| 4:32 | jsemosoom · first_building Barracks |
| 7:11 | jsemosoom · wall_segment Palisade Wall x6 |
| 7:12 | jsemosoom · wall_segment Palisade Wall x4 |
| 7:26 | Skirmisher Timing · wall_segment Palisade Wall x1 |
| 7:44 | Skirmisher Timing · wall_segment Palisade Wall x4 |
| 7:47 | jsemosoom · wall_segment Palisade Wall x1 |
| 7:47 | jsemosoom · wall_segment Palisade Wall x1 |
| 7:52 | jsemosoom · wall_segment Palisade Wall x1 |
| 7:56 | Skirmisher Timing · wall_segment Palisade Wall x6 |
| 8:01 | Skirmisher Timing · wall_segment Palisade Wall x6 |
| 8:16 | jsemosoom · wall_segment Palisade Wall x1 |
| 8:37 | Skirmisher Timing · wall_segment Palisade Wall x1 |
| 9:14 | Skirmisher Timing · wall_segment Palisade Wall x1 |
| 9:30 | Skirmisher Timing · first_building Barracks |
| 9:37 | jsemosoom · wall_segment Palisade Wall x4 |
| 9:38 | jsemosoom · wall_segment Palisade Wall x4 |
| 9:39 | jsemosoom · wall_segment Palisade Wall x2 |
| 9:52 | Skirmisher Timing · age_up feudal |
| 10:38 | Skirmisher Timing · first_building Archery Range |
| 10:58 | jsemosoom · age_up feudal |
| 11:11 | jsemosoom · first_building Stable |
| 15:11 | Skirmisher Timing · wall_segment Palisade Wall x9 |
| 16:00 | jsemosoom · wall_segment Palisade Wall x1 |
| 17:28 | Skirmisher Timing · wall_segment Palisade Wall x1 |
| 18:22 | jsemosoom · first_building Archery Range |
| 18:54 | Skirmisher Timing · wall_segment Palisade Wall x1 |
| 19:25 | Skirmisher Timing · wall_segment Palisade Wall x15 |
| 19:25 | Skirmisher Timing · wall_segment Palisade Wall x1 |
| 20:46 | jsemosoom · age_up castle |
| 20:56 | Skirmisher Timing · age_up castle |
| 26:57 | Skirmisher Timing · wall_segment Palisade Wall x4 |
| 27:06 | Skirmisher Timing · wall_segment Palisade Wall x1 |
| 27:09 | Skirmisher Timing · wall_segment Palisade Wall x5 |
| 27:42 | Skirmisher Timing · wall_segment Palisade Wall x1 |
| 28:02 | jsemosoom · first_building Siege Workshop |
| 29:23 | Skirmisher Timing · first_building Stable |
| 30:45 | jsemosoom · first_building Monastery |
| 31:21 | Skirmisher Timing · first_market_buy 100 stone |
| 31:43 | Skirmisher Timing · first_building Monastery |
| 33:45 | jsemosoom · first_building Castle |
| 35:31 | jsemosoom · resign |
[ AI ANALYSIS · 1 CREDIT ]
What really happened in this match?
Wolo.gg analyzes every decision: build order, eco, micro, common mistakes by bracket. Personalized analysis on WhatsApp or Discord in 30 seconds.
Civ guide
Ethiopians
Perfil
Jugador #21914183